 Dungeon Crawl Stone Soup version 0.28-a0-1447-ga5a8893891 (webtiles) character file.

Game seed: 3808744076232550123

68278 shadowrider38 the Impaler (level 15, -4/110 (123) HPs)
             Began as a Merfolk Venom Mage on Jan 11, 2022.
             Was a Priest of Vehumet.
             Slain by an ice devil (16 damage)
             ... summoned by an obsidian statue
             ... on level 6 of the Lair of Beasts.
             The game lasted 02:29:08 (49434 turns).

shadowrider38 the Impaler (Merfolk Venom Mage)     Turns: 49434, Time: 02:29:09

HP:   -4/110 (123)  AC: 18    Str:  9    XL:     15   Next: 26%
MP:   28/29         EV: 10    Int: 27    God:    Vehumet [***...]
Gold: 1653          SH: 12    Dex: 18    Spells: 21/34 levels left

rFire   + + .      SeeInvis .   a - +3 trident
rCold   . . .      Faith    .   Y - +0 kite shield
rNeg    . . .      Spirit   .   p - +5 ring mail of the First Snow {rF++ Dex+3}
rPois   +          Reflect  .   Q - +2 hat
rElec   .          Harm     .   U - +2 cloak {rPois}
rCorr   .          Rampage  .   J - +2 pair of gloves
Will    ++...                   (no boots)
Stlth   ++........              C - amulet of magic regeneration
HPRegen 0.28/turn               e - +6 ring of intelligence
MPRegen 0.61/turn               k - ring of willpower

@: heavily drained
A: (nimble swimmer 2), mertail
a: Renounce Religion


You were on level 6 of the Lair of Beasts.
You worshipped Vehumet.
Vehumet was most pleased with you.
You visited 4 branches of the dungeon, and saw 20 of its levels.
You also visited: Sewer.

You collected 1653 gold pieces.

Inventory:

Hand Weapons
 a - a +3 trident (weapon)
Missiles
 i - 20 boomerangs
 D - 90 poisoned darts
 F - 2 curare-tipped darts
 G - 4 javelins
Armour
 p - the +5 ring mail of the First Snow (worn) {rF++ Dex+3}
   (You found it on level 3 of the Dungeon)

   Dex:       It affects your dexterity (+3).
   rF:        It greatly protects you from fire.
 u - the +2 cloak "Bocuys" {rCorr Int-4 Dex+9}
   (You found it in a sewer)

   Int:       It affects your intelligence (-4).
   Dex:       It affects your dexterity (+9).
   rCorr:     It protects you from acid and corrosion.
 J - a +2 pair of gloves (worn)
 Q - a +2 hat (worn)
 T - a +2 robe of resistance
 U - a +2 cloak of poison resistance (worn)
 Y - a +0 kite shield (worn)
Jewellery
 e - a +6 ring of intelligence (left hand)
 k - a ring of willpower (right hand)
 n - an amulet of reflection
 C - an amulet of magic regeneration (around neck)
 H - a +4 ring of evasion
 M - a ring of ice
 P - a ring of flight
Wands
 b - a wand of paralysis (9)
 m - a wand of polymorph (30)
 x - a wand of iceblast (6)
 E - a wand of flame (17)
 O - a wand of acid (4)
 W - a wand of charming (2)
Scrolls
 c - a scroll of teleportation
 d - 3 scrolls of blinking
 f - 8 scrolls of amnesia
 g - 2 scrolls of magic mapping
 h - 3 scrolls of vulnerability
 o - a scroll of holy word
 q - a scroll of torment
 s - 3 scrolls of identify
 y - 2 scrolls of fog
 I - 2 scrolls of immolation
 L - 2 scrolls of enchant weapon
 R - a scroll of fear
 X - 2 scrolls of silence
Potions
 j - 2 potions of brilliance
 l - a potion of invisibility
 r - 8 potions of flight
 t - 3 potions of mutation
 v - 2 potions of cancellation
 w - 3 potions of lignification
 z - 6 potions of heal wounds
 A - 3 potions of might
 B - 2 potions of berserk rage
 K - 3 potions of attraction
 N - 2 potions of curing
 V - a potion of magic
 Z - a potion of haste
Miscellaneous
 S - a phial of floods


   Skills:
 - Level 13.0 Fighting
 - Level 16.0 Polearms
 - Level 3.0 Dodging
 - Level 3.0 Stealth
 - Level 10.0 Shields
 - Level 10.0 Spellcasting
 - Level 10.0 Conjurations
 - Level 2.0 Transmutations
 - Level 10.0 Poison Magic
 + Level 5.9 Evocations


You had 21 spell levels left.
You knew the following spells:

 Your Spells              Type           Power      Damage    Failure   Level
a - Sting                 Tmut/Pois      100%       1d8       2%          1
b - Olgreb's Toxic Radia  Pois           61%        N/A       1%          4
c - Iskenderun's Mystic   Conj/Tloc      40%        2d9       10%         4
d - Fulminant Prism       Conj/Hex       20%        3d13      10%         4

Your spell library contained the following spells:

 Spells                   Type           Power      Damage    Failure   Level
 Eringya's Noxious Bog    Tmut/Pois      22%        N/A       63%         6
 Foxfire                  Conj/Fire      100%       2x1d9     1%          1
 Magic Dart               Conj           100%       1d8       1%          1
 Poisonous Vapours        Pois/Air       80%        N/A       1%          2
 Searing Ray              Conj           100%       2d8       1%          2
 Mephitic Cloud           Conj/Pois/Air  49%        N/A       1%          3
 Conjure Flame            Conj/Fire      40%        6-21      3%          3
 Iskenderun's Battlesphe  Conj           61%        2d11      3%          5
 Flame Wave               Conj/Fire      40%        2d8       10%         4
 Frozen Ramparts          Ice            26%        1d4       21%         3
 Inner Flame              Hex/Fire       13%        N/A       21%         3
 Fireball                 Conj/Fire      20%        3d10      24%         5
 Corpse Rot               Necr/Air       26%        N/A       38%         2
 Portal Projectile        Hex/Tloc       26%        N/A       63%         3
 Orb of Destruction       Conj           30%        9d12      65%         7
 Conjure Ball Lightning   Conj/Air       20%        3x3d6     75%         6
 Ice Form                 Ice/Tmut       18%        N/A       87%         4
 Summon Ice Beast         Ice/Summ       13%        N/A       95%         4
 Blade Hands              Tmut           12%        N/A       97%         5
 Excruciating Wounds      Necr           6%         N/A       100%        5


Dungeon Overview and Level Annotations

Branches:
Dungeon (12/15)            Temple (1/1) D:5            Lair (6/6) D:11
  Swamp (0/4) Lair:2       Spider (0/4) Lair:2        Slime (0/5) Lair:6
    Orc (1/2) D:10          Sewer (visited)

Altars:
Ashenzari
Cheibriados
Dithmenos
Elyvilon
Fedhas
Gozag
Hepliaklqana
Kikubaaqudgha
Makhleb
Nemelex Xobeh
Okawaru
Qazlal
Ru
Sif Muna
Trog
Uskayaw
Vehumet
Wu Jian
Xom
Yredelemnul
Zin
The Shining One
Beogh
Jiyva

Shops:
D:9 (   Orc:1 (

Annotations:
D:1 exclusion: downstairs
D:3 3 runed translucent doors, bande's ghost, amateur GrFi
Lair:6 exclusion: obsidian statue


Innate Abilities, Weirdness & Mutations

((You are very nimble when in or above water. (Stealth+, EV+, Speed+++)))
Your lower body shifts to a powerful aquatic tail in water.


Message History

Press: ? - help, v - describe, . - travel
Here: a soul eater (lightly wounded, summoned)
The floor, spattered with blood.
Really walk into a travel-excluded area?
You block the soul eater's attack.
Casting: Fulminant Prism (dangerous; 10% risk of failure)
Confirm with . or Enter, or press ? or * to list all spells.
Aiming: Fulminant Prism (dangerous; 10% risk of failure)
Press: ? - help, Dir - move target You conjure a prism of explosive energy!
A fulminant prism comes into view.
The soul eater hits you!
You feel drained. You block the ice devil's attack.
Unknown command.
You hear a loud crackle.
You barely miss the ice devil.
The ice devil is heavily wounded.
The soul eater hits you but does no damage.
You block the ice devil's attack.
You closely miss the ice devil.
The ice devil is heavily wounded.
You hear an explosion!
You hit the ice devil.
The ice devil is severely wounded.
The ice devil misses you. The soul eater hits you!
You feel drained.
You hit the ice devil.
The ice devil is severely wounded.
You block the ice devil's attack. You block the soul eater's attack.
You hit the ice devil but do no damage.
The ice devil is severely wounded.
The ice devil hits you. The ice devil freezes you!!
The soul eater draws from the surrounding life force!
* * * LOW HITPOINT WARNING * * *
You hit the ice devil but do no damage.
The ice devil is severely wounded.
The soul eater draws from the surrounding life force!
* * * LOW HITPOINT WARNING * * *
The ice devil hits you.
* * * LOW HITPOINT WARNING * * *
The ice devil freezes you!
You die...

####### ####...#.♣♣ #.........♣♣
##P.....4...♣ #......@3#....#
#####
##########''#''####♣♣*..#####...#
##≈≈.##8....#..8# 8♣##.#....#
'≈≈≈..).....#..P# ##........
'≈≈≈≈.#8.####.#.# )##........
#≈≈≈≈.####....#'#########........
#.≈≈≈≈#....####.....8# #........
##.≈###.#### #..)..(# #........
#####...##♣♣♣##.....8# ##........


You could see a soul eater (summoned) and an ice devil (summoned).

Vanquished Creatures
  An orc warlord (Orc:1)
  3 dire elephants
  Josephine (D:10)
  Erolcha (D:11)
  7 hydras
  2 boulder beetles
  The ghost of shadowrider38 the Transmogrifier, a journeyman OpTm of Gozag (D:9)
  A catoblepas (Lair:3)
  3 death yaks (D:10)
  2 two-headed ogres
  2 orc high priests (Orc:1)
  Sonja (D:10)
  A spectral dire elephant (Lair:6)
  A spectral death yak (Lair:6)
  A spectral anaconda (Lair:6)
  3 necromancers (Lair:6)
  Pikel (D:4)
  2 orc sorcerers (Orc:1)
  13 elephants
  A cyclops (D:10)
  3 black mambas
  2 centaur zombies
  7 rime drakes
  12 cane toads
  7 komodo dragons
  9 trolls
  Grinder (D:5)
  7 polar bears
  12 dream sheep
  3 slime creatures
  A spectral elephant (Lair:6)
  2 jumping spiders (Lair:2)
  16 blink frogs
  2 shadows
  12 wyverns
  3 wraiths (D:10)
  13 basilisks
  4 vampire mosquitoes (D:10)
  2 redbacks (Lair:2)
  48 yaks
  A death yak simulacrum (Lair:6)
  3 steam dragons
  2 spectral cane toads (Lair:6)
  16 water moccasins
  2 acid dragons
  A hell hound (Lair:4)
  A hornet zombie (D:9)
  3 ice beasts
  2 black bears
  20 orc warriors
  An elephant zombie (Lair:6)
  A necrophage (D:7)
  3 sky beasts
  7 centaurs
  6 ogres
  43 wolves
  4 lemures (D:4)
  6 kobold brigands (D:10)
  8 bullfrogs
  2 gnoll sergeants (D:10)
  A scorpion (D:7)
  2 cane toad simulacra (Lair:6)
  A wyvern skeleton (D:7)
  10 killer bees
  7 wights
  2 howler monkeys (D:6)
  2 hounds
  11 orc priests
  A centaur skeleton (D:7)
  A gnoll shaman (D:3)
  Jessica (D:3)
  Ijyb (D:3)
  5 hell rats (Lair:5)
  3 iguanas
  21 orc wizards
  12 gnolls
  10 adders
  A howler monkey skeleton (D:6)
  5 river rats (Sewer)
  A shadow imp (D:5)
  An adder zombie (D:5)
  6 worms
  4 dart slugs
  56 orcs
  13 bats
  4 endoplasms
  5 giant cockroaches
  4 goblins
  5 hobgoblins
  10 jackals
  12 kobolds
  10 quokkas
  17 ball pythons
  3 frilled lizards
  6 rats
  2 fulminant prisms (Lair:6)
602 creatures vanquished.

Vanquished Creatures (others)
  52 fulminant prisms
  55 fungi
  106 plants
  30 withered plants (Lair:6)
243 creatures vanquished.

Grand Total: 845 creatures vanquished

Notes
Turn   | Place    | Note
-------+----------+-------------------------------------------
     0 | D:1      | shadowrider38 the Merfolk Venom Mage began the quest for
                  | the Orb.
     0 | D:1      | Reached XP level 1. HP: 13/13 MP: 3/3
   349 | D:1      | Reached skill level 1 in Fighting
   550 | D:1      | You fall into a shaft and drop 1 floor!
   553 | D:2      | Reached XP level 2. HP: 21/21 MP: 5/5
   855 | D:2      | Found a hide-covered altar of Uskayaw.
  1034 | D:2      | Noticed a necrophage
  1293 | D:1      | Reached XP level 3. HP: 27/27 MP: 4/6
  1624 | D:1      | Found a faded altar of an unknown god.
  2581 | D:2      | Reached XP level 4. HP: 24/33 MP: 2/7
  3073 | D:2      | Learned a level 4 spell: Olgreb's Toxic Radiance
  3256 | D:3      | Noticed bande's ghost (amateur GrFi)
  3299 | D:3      | Noticed Jessica
  3300 | D:3      | Found a runed translucent gate.
  3300 | D:3      | Found a runed translucent gate.
  3300 | D:3      | Found a runed translucent gate.
  3310 | D:3      | Killed Jessica
  3372 | D:3      | Identified the +5 ring mail of the First Snow {rF++ Dex+3}
  3426 | D:3      | Found a broken altar of Ashenzari.
  3430 | D:3      | Saw a vision of the Swamp and the Spider Nest.
  3430 | D:3      | Noticed a redback
  3430 | D:3      | Noticed a redback
  3430 | D:3      | Noticed a redback
  3430 | D:3      | Noticed a hornet
  3430 | D:3      | Noticed a redback
  3430 | D:3      | Noticed a redback
  3431 | D:3      | Noticed an alligator
  3432 | D:3      | Noticed a redback
  3432 | D:3      | Noticed a scorpion
  3433 | D:3      | Noticed a wolf spider
  3462 | D:3      | Reached skill level 5 in Poison Magic
  3588 | D:3      | Reached XP level 5. HP: 39/39 MP: 6/8
  3605 | D:3      | Found a glowing drain.
  3610 | Sewer    | Entered a sewer
  4306 | Sewer    | HP: 1/42 [river rat (5)]
  4828 | Sewer    | Reached XP level 6. HP: 32/48 MP: 9/9
  5220 | Sewer    | Identified the +2 cloak "Bocuys" {rCorr Int-4 Dex+9}
  5368 | D:3      | Noticed Ijyb
  5383 | D:3      | Killed Ijyb
  6006 | D:4      | Reached skill level 1 in Evocations
  6615 | D:4      | Reached XP level 7. HP: 54/54 MP: 6/10
  8024 | D:5      | Entered Level 5 of the Dungeon
  8312 | D:4      | Reached skill level 5 in Fighting
  8890 | D:5      | Reached XP level 8. HP: 45/64 MP: 7/11
  9215 | D:5      | Noticed Grinder
  9232 | D:5      | Killed Grinder
  9320 | D:5      | Found a staircase to the Ecumenical Temple.
  9338 | Temple   | Entered the Ecumenical Temple
  9708 | Temple   | Became a worshipper of Vehumet
 11526 | D:6      | Reached XP level 9. HP: 71/74 MP: 8/12
 12208 | D:7      | Reached skill level 10 in Poison Magic
 12417 | D:7      | Reached * piety under Vehumet
 12417 | D:7      | Offered knowledge of Sandblast by Vehumet.
 12418 | D:7      | Reached skill level 5 in Evocations
 13351 | D:8      | Found an opulent altar of Gozag.
 13547 | D:8      | Noticed a two-headed ogre
 13613 | D:8      | Reached skill level 5 in Spellcasting
 13613 | D:8      | Reached skill level 2 in Polearms
 13613 | D:8      | Reached XP level 10. HP: 31/80 MP: 17/17
 13615 | D:8      | Reached skill level 3 in Polearms
 13619 | D:8      | Reached skill level 4 in Polearms
 13619 | D:8      | Reached skill level 5 in Polearms
 13862 | D:8      | Found a flagged portal.
 14135 | D:8      | Reached skill level 6 in Polearms
 15701 | D:9      | Found Funydip's Antique Weapon Shoppe.
 15819 | D:9      | Reached skill level 7 in Polearms
 16221 | D:9      | Reached skill level 8 in Polearms
 17798 | D:4      | Noticed Pikel
 17807 | D:4      | Killed Pikel
 17808 | D:4      | Reached skill level 10 in Fighting
 17808 | D:4      | Reached skill level 9 in Polearms
 18363 | D:10     | Entered Level 10 of the Dungeon
 18544 | D:10     | Reached skill level 10 in Polearms
 19224 | D:10     | Reached XP level 11. HP: 90/90 MP: 18/18
 19389 | D:10     | Reached skill level 11 in Polearms
 19574 | D:10     | Noticed Josephine
 19592 | D:10     | Killed Josephine
 19593 | D:10     | Reached skill level 12 in Polearms
 19670 | D:10     | Noticed Sonja
 20214 | D:10     | Offered knowledge of Scorch by Vehumet.
 20221 | D:10     | Reached ** piety under Vehumet
 20222 | D:10     | Reached skill level 13 in Polearms
 20409 | D:10     | Found a staircase to the Orcish Mines.
 20913 | D:10     | Noticed a cyclops
 21077 | D:10     | Killed a cyclops
 21078 | D:10     | Reached skill level 14 in Polearms
 21219 | D:10     | Found a runed translucent gate.
 21219 | D:10     | Found a runed translucent gate.
 21219 | D:10     | Found a runed translucent gate.
 21224 | D:10     | Noticed shadowrider38's ghost (journeyman OpTm)
 21283 | D:9      | Killed shadowrider38's ghost
 21845 | Orc:1    | Entered Level 1 of the Orcish Mines
 21845 | Orc:1    | Noticed an orc high priest
 21849 | Orc:1    | Noticed a sixfirhy
 21850 | Orc:1    | Killed an orc high priest
 21851 | Orc:1    | Reached skill level 15 in Polearms
 21851 | Orc:1    | Offered knowledge of Stone Arrow by Vehumet.
 21993 | Orc:1    | Noticed an orc high priest
 21998 | Orc:1    | Killed an orc high priest
 21999 | Orc:1    | Reached skill level 16 in Polearms
 22007 | Orc:1    | Reached *** piety under Vehumet
 22011 | Orc:1    | Noticed an orc sorcerer
 22014 | Orc:1    | Killed an orc sorcerer
 22015 | Orc:1    | Reached XP level 12. HP: 99/99 MP: 11/19
 22742 | Orc:1    | Noticed an orc warlord
 22778 | Orc:1    | Offered knowledge of Inner Flame by Vehumet.
 22796 | Orc:1    | Killed an orc warlord
 23436 | Orc:1    | Reached **** piety under Vehumet
 23737 | Orc:1    | Found Ebadu's Antique Weapon Boutique.
 24620 | D:11     | Noticed a death yak
 24622 | D:11     | Noticed a death yak
 25161 | D:10     | Killed a death yak
 25162 | D:10     | Reached skill level 1 in Shields
 25367 | D:10     | Killed Sonja
 25570 | D:11     | Noticed a two-headed ogre
 25605 | D:10     | Killed a two-headed ogre
 25836 | D:11     | Noticed a boulder beetle
 25853 | D:10     | Killed a boulder beetle
 26433 | D:10     | Reached skill level 5 in Shields
 27754 | D:11     | Noticed Erolcha
 27766 | D:11     | Killed Erolcha
 27988 | D:11     | Noticed a death yak
 28172 | D:10     | Killed a death yak
 28487 | D:10     | Killed a death yak
 28488 | D:10     | Reached XP level 13. HP: 110/111 MP: 18/20
 28704 | D:11     | Found a staircase to the Lair.
 29274 | Lair:1   | Entered Level 1 of the Lair of Beasts
 29442 | Lair:1   | Offered knowledge of Iskenderun's Mystic Blast by Vehumet.
 29637 | Lair:1   | Learned a level 4 spell: Iskenderun's Mystic Blast
 31181 | Lair:2   | Reached skill level 10 in Shields
 31256 | Lair:2   | Reached skill level 1 in Conjurations
 31477 | Lair:2   | Found a hole to the Spider Nest.
 31816 | Lair:2   | Found a staircase to the Swamp.
 32084 | Lair:2   | You fall into a shaft and drop 1 floor!
 33434 | Lair:3   | Reached ***** piety under Vehumet
 33434 | Lair:3   | Offered knowledge of Ozocubu's Refrigeration by Vehumet.
 33450 | Lair:3   | Reached skill level 5 in Conjurations
 36198 | Lair:4   | Reached XP level 14. HP: 103/118 MP: 21/21
 41407 | Lair:6   | Entered Level 6 of the Lair of Beasts
 41919 | Lair:6   | Learned a level 4 spell: Fulminant Prism
 42461 | Lair:6   | Offered knowledge of Eringya's Noxious Bog by Vehumet.
 43645 | Lair:6   | Noticed a dire elephant
 43645 | Lair:6   | Noticed a dire elephant
 43645 | Lair:6   | Noticed a dire elephant
 44653 | Lair:6   | Found a viscous altar of Jiyva.
 44654 | Lair:6   | Found a staircase to the Slime Pits.
 44961 | Lair:6   | Reached skill level 10 in Conjurations
 46333 | Lair:4   | Reached XP level 15. HP: 105/121 MP: 27/27
 48701 | Lair:6   | Reached skill level 10 in Spellcasting
 49434 | Lair:6   | Slain by an ice devil

Illustrated notes

Levels and vault maps discovered:
D:1:      shiori_arrival_maze, layout_basic, basic_ecumenical_altar
D:2:      layout_basic, basic_altar
D:3:      layout_rooms, grunt_ashenzari_visionary
          [grunt_ashenzari_visionary_swamp, grunt_ashenzari_visionary_spider],
          gup_sewer_entry_bowl, gammafunk_ghost_split,
          kennysheep_big_empty_room, uniq_ijyb, uniq_jessica
D:4:      layout_gridville, uniq_pikel
D:5:      layout_loops_ring, minmay_temple_entry_wispy, uniq_grinder
D:6:      layout_loops_ring
D:7:      layout_gridville, minivault_10, lemuel_old_faithful
D:8:      layout_loops_ring, nicolae_overflow_crystal_walls, enter_bailey_8
D:9:      layout_basic, serial_shops, kennysheep_little_box, eino_curves_03
D:10:     layout_roguey, kennysheep_orc_monster_closet_entryway,
          biasface_ghost_orc_armoury, lightli_minifort, uniq_josephine,
          uniq_sonja
D:11:     layout_roguey, dpeg_lair_monsters, uniq_erolcha
D:12:     layout_loops_ring, kennysheep_cross_bottleneck,
          minmay_misc_feat_square
Temple:   mainiacjoe_temple_cubbyholes
Lair:1:   layout_loops_ring, hangedman_lair_unloving_vines, grunt_megastairs_3
Lair:2:   layout_small_grid, minmay_swamp_entry_reptiles,
          spider_nest_entry_funnel_web, chequers_serial_rivers_micro_c,
          serial_bayou_shore_b
Lair:3:   layout_loops_ring, grunt_forest_large_clearings
Lair:4:   layout_long_grid, gauntlet_entry_generic, serial_bayou_shore_a
Lair:5:   layout_roguey [special_room_mythical_zoo], beast_lair_carwin_5
Lair:6:   due_jungle_book, layout_cave_pods, slime_altar_1
Orc:1:    layout_caves, basic_altar, serial_shops, shop, guppyfry_library_mini

Skill      XL: |  1  2  3  4  5  6  7  8  9 10 11 12 13 14 15 |
---------------+----------------------------------------------+-----
Dodging        | 3 |  3.0
Fighting       | 1 2 4 5 8 10 13 | 13.0
Poison Magic   | 4 5 6 7 8 10 | 10.0
Stealth        | 3 |  3.0
Evocations     | 2 4 5 |  5.9
Transmutations | 2 |  2.0
Spellcasting   | 5 8 10 | 10.0
Polearms       | 2 10 16 | 16.0
Shields        | 7 10 | 10.0
Conjurations   | 7 10 | 10.0

Action                   |  1- 3 |  4- 6 |  7- 9 | 10-12 | 13-15 || total
-------------------------+-------+-------+-------+-------+-------++-------
Melee: Unarmed           |    22 |       |       |       |       ||    22
       Dagger            |    40 |       |       |       |       ||    40
       Short sword       |    24 |     5 |       |       |       ||    29
       Punch             |     1 |       |     3 |     3 |       ||     7
       Quarterstaff      |       |   190 |   231 |       |       ||   421
       Tailslap          |       |    11 |       |     4 |     5 ||    20
       Trident           |       |       |    43 |   293 |  1140 ||  1476
       Halberd           |       |       |       |   413 |       ||   413
Throw: Stone             |       |     2 |       |       |       ||     2
       Dart              |       |       |       |     4 |     3 ||     7
       Boomerang         |       |       |       |     4 |     1 ||     5
       Javelin           |       |       |       |       |     6 ||     6
 Cast: Sting             |    64 |    69 |    96 |    90 |    21 ||   340
       Olgreb's Toxic Ra |       |       |    15 |    95 |   212 ||   322
       Iskenderun's Myst |       |       |       |       |    39 ||    39
       Fulminant Prism   |       |       |       |       |    54 ||    54
Evoke: Wand              |       |       |       |     5 |    12 ||    17
       Phial of floods   |       |       |       |     1 |       ||     1
  Use: Scroll            |       |     1 |    10 |    11 |     5 ||    27
 Stab: Sleeping          |     4 |     8 |     3 |     3 |     2 ||    20
       Distracted        |       |     1 |       |     3 |       ||     4
Armor: Robe              |    34 |       |       |       |       ||    34
       Ring mail         |       |   118 |   222 |   265 |   439 ||  1044
Dodge: Dodged            |   111 |   243 |   270 |   312 |   344 ||  1280
Block: Kite shield       |       |       |       |    69 |   618 ||   687

Table legend: (Time is in decaauts)
 A = Elapsed time spent in this place.
 B = Non-inter-level travel time spent in this place.
 C = Inter-level travel time spent in this place.
 D = Time resting spent in this place.
 E = Time spent auto-exploring this place.
 F = Levels seen in this place.
 G = Mean time per level.
                   A        B        C        D        E       F      G
               +--------+--------+--------+--------+--------+-----+--------+
         Total |  49131 |  46847 |   2284 |  25579 |  11570 |  21 | 2339.6 |
       Dungeon |  24925 |  23766 |   1159 |  12991 |   6170 |  12 | 2077.1 |
        Temple |    421 |    359 |     62 |     29 |    303 |   1 |  421.0 |
          Lair |  19884 |  18879 |   1005 |  10510 |   4202 |   6 | 3314.0 |
  Orcish Mines |   2340 |   2282 |     58 |   1097 |    671 |   1 | 2340.0 |
         Sewer |   1559 |   1559 |      0 |    952 |    223 |   1 | 1559.0 |
               +--------+--------+--------+--------+--------+-----+--------+

Top non-repeatable levels by time:
  Lair:5: 5391 daAuts
    D:10: 5143 daAuts
  Lair:4: 4313 daAuts
  Lair:6: 3710 daAuts
     D:9: 3654 daAuts
    D:11: 2606 daAuts
  Lair:3: 2495 daAuts
     D:4: 2460 daAuts
   Orc:1: 2340 daAuts
  Lair:2: 2265 daAuts
     D:7: 1773 daAuts
     D:5: 1710 daAuts
  Lair:1: 1707 daAuts
     D:1: 1642 daAuts
     D:2: 1635 daAuts
